 Dungeon Crawl Stone Soup version 0.31-a0-1612-g4aaf141 (webtiles) character file.

Game seed: 13379181897754315188

144 qlqlql the Cudgeller (level 5, -2/41 HPs)
             Began as a Formicid Fighter on Jan 9, 2024.
             Incinerated by a bombardier beetle (5 damage)
             ... with a burning spray
             ... on level 3 of the Dungeon.
             The game lasted 00:02:54 (2426 turns).

qlqlql the Cudgeller (Formicid Fighter)             Turns: 2426, Time: 00:02:55

Health: -2/41      AC:  9    Str: 23    XL:     5   Next: 52%
Magic:  5/5        EV:  8    Int:  7    God:
Gold:   93         SH:  5    Dex: 13    Spells: 4/4 levels left

rFire   . . .        a - +0 flail
rCold   . . .        c - +0 buckler
rNeg    . . .        o - +0 chain mail
rPois   .            (helmet unavailable)
rElec   .            (no cloak)
rCorr   .            (no gloves)
SInv    +            (no boots)
Will    .....        (no amulet) Stlth
                     (no ring)
HPRegen 0.26/turn    (no ring)
MPRegen 0.09/turn

%: no passive effects
@: on fire, glowing
A: permanent stasis, dig shafts and tunnels, antennae 3, four strong arms
a: Dig, Shaft Self


You were on level 3 of the Dungeon.
You visited 1 branch of the dungeon, and saw 3 of its levels.

You collected 93 gold pieces.

Inventory:

Hand Weapons
 a - a +0 flail (weapon)
Missiles
 p - 5 curare-tipped darts {!f}
Armour
 b - a +0 scale mail
 c - a +0 buckler (worn)
 o - a +0 chain mail (worn)
Scrolls
 e - a scroll of enchant weapon {unknown}
 g - a scroll of torment {unknown}
 h - 3 scrolls of identify {unknown}
 i - 2 scrolls of noise {unknown}
 j - a scroll of teleportation {unknown}
 l - 3 scrolls of immolation {unknown}
 n - a scroll of butterflies {unknown}
Potions
 d - a potion of might
 f - a potion of cancellation {unknown}
 k - a potion of heal wounds {unknown}
 m - a potion of brilliance {unknown}
 q - a potion of haste {unknown}
 r - a potion of curing
 s - a potion of lignification {unknown}
 t - a potion of magic {unknown}


   Skills:
 - Level 3.2 Fighting
 * Level 5.3 Maces & Flails
 - Level 3.2 Armour
 - Level 4.0 Shields


You had 4 spell levels left.
You didn't know any spells.
Your spell library contained the following spells:

 Spells                   Type           Power      Damage    Failure   Level
 Cigotuvi's Dreadful Rot  Necr/Alch/Air  0%         N/A       99%         2
 Stone Arrow              Conj/Erth      0%         3d7       100%        3
 Animate Armour           Summ/Erth      0%         N/A       100%        4
 Ignite Poison            Fire/Alch      0%         N/A       100%        4
 Freezing Cloud           Conj/Ice/Air   0%         6-21      100%        5
 Lehudib's Crystal Spear  Conj/Erth      0%         10d2      100%        8


Dungeon Overview and Level Annotations

Branches:
Dungeon (3/15)

Altars:

Shops:
D:3 (


Innate Abilities, Weirdness & Mutations

You cannot be hasted, slowed, berserked, paralysed or teleported.
You can dig through walls and to a lower floor.
You have a pair of large antennae on your head. (SInv)
Your four strong arms can wield two-handed weapons with a shield.


Message History

You are too injured to fight recklessly!
You are too injured to fight recklessly!
You are too injured to fight recklessly!
You are too injured to fight recklessly!
You are too injured to fight recklessly!
You are too injured to fight recklessly!
You are too injured to fight recklessly!
You are too injured to fight recklessly!
You are too injured to fight recklessly!
You are too injured to fight recklessly!
You are too injured to fight recklessly!
You closely miss the bombardier beetle.
The bombardier beetle is heavily wounded.
The liquid fire burns you!
The bombardier beetle sprays incendiary fluid at you.
The burning spray misses you.
You shake off some of the fire as you move.
The liquid fire burns you!
You shake off some of the fire as you move.
The liquid fire burns you!
* * * LOW HITPOINT WARNING * * *
You shake off some of the fire as you move.
The liquid fire burns you!
* * * LOW HITPOINT WARNING * * *
The bombardier beetle sprays incendiary fluid at you.
The burning spray hits you.
You are even more covered in liquid fire!
You shake off some of the fire as you move.
The liquid fire burns you!
* * * LOW HITPOINT WARNING * * *
It was a potion of curing.
You feel better. The liquid fire burns you!
* * * LOW HITPOINT WARNING * * *
Okay, then.
You shake off some of the fire as you move.
The liquid fire burns you!
* * * LOW HITPOINT WARNING * * *
You shake off some of the fire as you move.
The liquid fire burns you!
You die...

#.#.#........#........#
#...#........#.#......#
##..#........#........#
##(#........#...###### ##
#.#......†.'...# ...
#.#........#..## ....
#.##########.## .....
#............########......
##...........@....B........
#.##################......
#......# ##### #....#.#
###### #..#<#.# #....#
#......# #.##.#
##.#.########.##.#
#.#..........##.#
#.#############.#


You could see a bombardier beetle.

Vanquished Creatures
  6 gnolls
  2 adders
  2 ribbon worms
  4 dart slugs
  An orc (D:3)
  2 ball pythons
  4 endoplasms (D:2)
  7 giant cockroaches
  4 hobgoblins
  5 jackals
  5 kobolds
  A quokka (D:3)
  4 bats
  3 frilled lizards
  2 goblins (D:1)
  5 rats
57 creatures vanquished.

Notes
Turn   | Place    | Note
-------+----------+-------------------------------------------
     0 | D:1      | qlqlql the Formicid Fighter began the quest for the Orb.
     0 | D:1      | Reached XP level 1. HP: 18/18 MP: 1/1
   212 | D:1      | Reached XP level 2. HP: 20/24 MP: 2/2
   444 | D:2      | Reached skill level 3 in Maces & Flails
   579 | D:2      | Reached XP level 3. HP: 27/29 MP: 3/3
  1074 | D:2      | Reached skill level 4 in Maces & Flails
  1074 | D:2      | Reached XP level 4. HP: 31/35 MP: 4/4
  1567 | D:1      | Reached XP level 5. HP: 34/41 MP: 5/5
  1911 | D:1      | Reached skill level 5 in Maces & Flails
  2068 | D:3      | Found Tocw's Antique Weapon Shop.
  2426 | D:3      | Incinerated by a bombardier beetle

Illustrated notes

Levels and vault maps discovered:
D:1:      eino_arrival_cavern_d, layout_basic
D:2:      layout_loops_cross
D:3:      layout_basic, serial_shops, shop, minivault_25

Skill      XL: |  1  2  3  4  5 |
---------------+----------------+-----
Maces & Flails | 3 4 5 |  5.3
Fighting       | |  3.2
Armour         | |  3.2
Shields        | |  4.0

Action                     |  1- 3 |  4- 6 || total
---------------------------+-------+-------++-------
  Melee: Flail             |    86 |    89 ||   175
    Use: Potion            |       |     1 ||     1
 Armour: Scale mail        |    63 |    22 ||    85
         Chain mail        |       |    18 ||    18
  Dodge: Dodged            |    43 |    33 ||    76
  Block: Buckler           |    26 |    17 ||    43

Table legend: (Time is in decaauts)
 A = Elapsed time spent in this place.
 B = Non-inter-level travel time spent in this place.
 C = Inter-level travel time spent in this place.
 D = Time resting spent in this place.
 E = Time spent auto-exploring this place.
 F = Levels seen in this place.
 G = Mean time per level.
                   A        B        C        D        E       F      G
               +--------+--------+--------+--------+--------+-----+--------+
         Total |   2467 |   2387 |     80 |      8 |   1877 |   3 |  822.3 |
       Dungeon |   2467 |   2387 |     80 |      8 |   1877 |   3 |  822.3 |
               +--------+--------+--------+--------+--------+-----+--------+

Top non-repeatable levels by time:
     D:1: 1162 daAuts
     D:2: 862 daAuts
     D:3: 442 daAuts
